[ AOE2 MATCH · #495954165 ]
UnrankedPortuguese vs Turks
Player's team · LOSS
Rival team · WIN
[ REPLAY ANALYSIS · EXTRACTED FROM THE RECORDED GAME ]
Feudal
10:56
Castle
14:29
Imperial
—
| APM avg | 51.6 |
| APM peak | 93 |
| eAPM avg | 25.5 |
| Villagers / military | 105 / 114 |
Focus
⚔️ 38.9% · 🌾 61.1%
Scout Cavalry ×54 · Knight ×26 · Monk ×16 · Organ Gun ×16 · Battering Ram ×2
Feudal
11:46
Castle
15:16
Imperial
19:20
| APM avg | 84.6 |
| APM peak | 154 |
| eAPM avg | 42.8 |
| Villagers / military | 74 / 88 |
Focus
⚔️ 68.0% · 🌾 32.0%
Hand Cannoneer ×71 · Bombard Cannon ×11 · Monk ×6
Match map
Initial resources + every placement click. Lines = walls · curves = elevation contours. ◆ gold · ⬟ stone · ● berries · ✦ relic · ◌ wall gap
Your base· ✓ Closed at 14:29 · 0t walls · 2 gate(s)
Dark's base· ✓ Closed at 15:16 · 0t walls · 3 gate(s)
Smoothed initial terrain · ◌ = detected wall gap · hover for details
Inputs per minute
— buddybadi - - Dark
Build order — buddybadi
First 150 of 344 actions detected
| 0:00 | Create | Villager (Male) |
| 0:01 | Create | Villager (Male) |
| 0:01 | Create | Villager (Male) |
| 0:02 | Build | House |
| 0:04 | Build | House |
| 0:35 | Build | Mill |
| 0:37 | Create | Villager (Male) |
| 1:39 | Create | Villager (Male) |
| 1:53 | Create | Villager (Male) |
| 2:27 | Create | Villager (Male) |
| 2:28 | Create | Villager (Male) |
| 2:46 | Create | Villager (Male) |
| 3:33 | Build | House |
| 3:36 | Create | Villager (Male) |
| 4:04 | Create | Villager (Male) |
| 4:27 | Create | Villager (Male) |
| 4:37 | Build | House |
| 5:00 | Create | Villager (Male) |
| 5:18 | Build | Lumber Camp |
| 5:22 | Create | Villager (Male) |
| 5:48 | Create | Villager (Male) |
| 6:08 | Create | Villager (Male) |
| 6:33 | Create | Villager (Male) |
| 6:50 | Build | Mining Camp |
| 7:03 | Create | Villager (Male) |
| 7:23 | Create | Villager (Male) |
| 7:39 | Build | Farm |
| 7:44 | Create | Villager (Male) |
| 8:03 | Build | Mining Camp |
| 8:16 | Create | Villager (Male) |
| 8:39 | Research | Feudal Age |
| 9:36 | Create | Villager (Male) |
| 9:39 | Create | Villager (Male) |
| 9:45 | Build | House |
| 10:56 | Age | Feudal Age |
| 10:57 | Build | Blacksmith |
| 10:59 | Build | Market |
| 11:05 | Research | Double-Bit Axe |
| 11:49 | Research | Castle Age |
| 11:53 | Research | Gold Mining |
| 12:30 | Build | Farm |
| 12:30 | Research | Horse Collar |
| 12:44 | Build | House |
| 12:55 | Build | Farm |
| 13:18 | Build | Farm |
| 13:21 | Build | Farm |
| 13:26 | Create | Villager (Male) |
| 13:52 | Build | Farm |
| 14:29 | Age | Castle Age |
| 14:34 | Build | Castle |
| 14:40 | Research | Bow Saw |
| 14:44 | Create | Villager (Male) |
| 15:02 | Build | Monastery |
| 15:07 | Create | Villager (Male) |
| 15:10 | Build | House |
| 15:12 | Build | House |
| 15:12 | Build | House |
| 15:36 | Create | Villager (Male) |
| 15:38 | Build | Farm |
| 15:41 | Build | Farm |
| 15:49 | Create | Monk |
| 16:04 | Create | Villager (Male) |
| 16:12 | Build | Farm |
| 16:12 | Build | Farm |
| 16:25 | Build | Farm |
| 16:27 | Create | Villager (Male) |
| 16:34 | Create | Monk |
| 16:41 | Create | Organ Gun |
| 16:42 | Create | Organ Gun |
| 16:45 | Create | Villager (Male) |
| 16:48 | Build | Farm |
| 17:11 | Create | Organ Gun |
| 17:12 | Create | Villager (Male) |
| 17:14 | Build | Farm |
| 17:18 | Build | Farm |
| 17:28 | Create | Organ Gun |
| 17:39 | Create | Villager (Male) |
| 17:43 | Create | Monk |
| 18:11 | Create | Villager (Male) |
| 18:35 | Create | Villager (Male) |
| 18:52 | Create | Villager (Male) |
| 18:57 | Create | Monk |
| 19:05 | Create | Organ Gun |
| 19:13 | Create | Villager (Male) |
| 19:17 | Build | Town Center |
| 19:28 | Create | Organ Gun |
| 19:34 | Build | Town Center |
| 19:40 | Create | Organ Gun |
| 19:42 | Create | Villager (Male) |
| 19:49 | Create | Monk |
| 20:16 | Create | Villager (Male) |
| 20:20 | Research | Heavy Plow |
| 20:22 | Research | Wheelbarrow |
| 20:25 | Create | Organ Gun |
| 20:40 | Create | Villager (Male) |
| 20:41 | Create | Villager (Male) |
| 20:44 | Create | Villager (Male) |
| 20:52 | Research | Sanctity |
| 20:53 | Research | Sanctity |
| 21:00 | Build | Monastery |
| 21:17 | Create | Organ Gun |
| 21:34 | Create | Monk |
| 21:38 | Create | Villager (Male) |
| 21:41 | Create | Villager (Male) |
| 21:41 | Create | Villager (Male) |
| 21:44 | Build | Farm |
| 21:45 | Build | Farm |
| 21:47 | Build | Farm |
| 21:48 | Build | Farm |
| 21:49 | Build | Farm |
| 22:11 | Create | Organ Gun |
| 22:12 | Create | Villager (Male) |
| 22:23 | Create | Organ Gun |
| 22:24 | Create | Organ Gun |
| 22:31 | Create | Monk |
| 22:35 | Build | Farm |
| 22:37 | Build | Farm |
| 22:42 | Create | Villager (Male) |
| 22:48 | Research | Redemption |
| 22:58 | Create | Villager (Male) |
| 23:02 | Create | Villager (Male) |
| 23:02 | Create | Villager (Male) |
| 23:04 | Build | Farm |
| 23:04 | Build | Farm |
| 23:05 | Build | Farm |
| 23:12 | Create | Organ Gun |
| 23:12 | Create | Organ Gun |
| 23:17 | Create | Villager (Male) |
| 23:17 | Create | Villager (Male) |
| 23:36 | Create | Villager (Male) |
| 23:36 | Create | Villager (Male) |
| 23:45 | Create | Villager (Male) |
| 23:51 | Create | Monk |
| 23:52 | Create | Monk |
| 23:52 | Create | Villager (Male) |
| 23:53 | Create | Villager (Male) |
| 23:57 | Create | Villager (Male) |
| 24:01 | Build | Farm |
| 24:01 | Build | Farm |
| 24:01 | Build | Farm |
| 24:02 | Build | Farm |
| 24:02 | Build | Farm |
| 24:02 | Build | Farm |
| 24:12 | Create | Villager (Male) |
| 24:13 | Build | Barracks |
| 24:17 | Create | Monk |
| 24:17 | Create | Monk |
| 24:33 | Create | Villager (Male) |
| 24:40 | Create | Villager (Male) |
| 24:41 | Create | Villager (Male) |
Build order — Dark
First 150 of 259 actions detected
| 0:00 | Create | Villager (Male) |
| 0:01 | Build | House |
| 0:02 | Build | House |
| 0:15 | Create | Villager (Male) ×3 |
| 1:35 | Create | Villager (Male) |
| 1:58 | Create | Villager (Male) |
| 2:25 | Create | Villager (Male) |
| 2:48 | Create | Villager (Male) |
| 3:15 | Create | Villager (Male) |
| 3:27 | Create | Villager (Male) |
| 3:31 | Build | Lumber Camp |
| 3:50 | Build | House |
| 3:52 | Build | House |
| 3:52 | Build | House |
| 3:54 | Create | Villager (Male) |
| 4:26 | Create | Villager (Male) |
| 4:51 | Build | House |
| 4:51 | Create | Villager (Male) |
| 5:13 | Create | Villager (Male) |
| 5:36 | Create | Villager (Male) |
| 6:04 | Create | Villager (Male) |
| 6:09 | Build | Mill |
| 6:37 | Create | Villager (Male) |
| 6:49 | Build | Farm |
| 7:03 | Create | Villager (Male) |
| 7:05 | Build | Farm |
| 7:28 | Create | Villager (Male) |
| 7:54 | Create | Villager (Male) |
| 8:02 | Build | Mining Camp |
| 8:19 | Create | Villager (Male) |
| 8:33 | Build | Farm |
| 8:43 | Create | Villager (Male) |
| 9:06 | Create | Villager (Male) |
| 9:34 | Research | Feudal Age |
| 11:37 | Create | Villager (Male) |
| 11:46 | Age | Feudal Age |
| 11:48 | Build | Market |
| 11:51 | Build | Blacksmith |
| 12:03 | Create | Villager (Male) |
| 12:03 | Research | Gold Mining |
| 12:19 | Research | Double-Bit Axe |
| 12:35 | Research | Castle Age |
| 12:39 | Build | House |
| 12:43 | Build | House |
| 12:43 | Build | House |
| 12:44 | Build | House |
| 12:45 | Build | House |
| 13:03 | Build | Farm |
| 13:08 | Build | Farm |
| 13:58 | Create | Villager (Male) |
| 13:58 | Create | Villager (Male) |
| 14:56 | Research | Loom |
| 15:16 | Age | Castle Age |
| 15:18 | Build | University |
| 15:20 | Build | Monastery |
| 15:34 | Build | Mining Camp |
| 16:10 | Research | Imperial Age |
| 16:10 | Research | Imperial Age |
| 16:37 | Build | Farm |
| 16:40 | Build | Farm |
| 16:42 | Build | Farm |
| 16:44 | Research | Horse Collar |
| 17:06 | Create | Monk |
| 17:24 | Create | Villager (Male) |
| 17:29 | Research | Bow Saw |
| 17:32 | Build | Farm |
| 18:30 | Build | Siege Workshop |
| 18:57 | Create | Villager (Male) |
| 19:20 | Age | Imperial Age |
| 19:22 | Create | Bombard Cannon |
| 19:31 | Build | Barracks |
| 19:38 | Create | Villager (Male) |
| 20:01 | Create | Bombard Cannon |
| 20:02 | Create | Villager (Male) |
| 20:27 | Create | Villager (Male) |
| 20:31 | Build | Archery Range |
| 20:39 | Research | Gold Shaft Mining |
| 20:49 | Create | Villager (Male) |
| 21:20 | Create | Villager (Male) |
| 21:27 | Create | Bombard Cannon |
| 21:39 | Create | Hand Cannoneer |
| 21:39 | Create | Hand Cannoneer |
| 21:46 | Create | Villager (Male) |
| 21:47 | Build | Archery Range |
| 22:09 | Create | Villager (Male) |
| 22:23 | Create | Bombard Cannon |
| 22:26 | Create | Villager (Male) |
| 22:36 | Create | Hand Cannoneer |
| 22:50 | Create | Villager (Male) |
| 22:53 | Create | Hand Cannoneer |
| 22:53 | Create | Hand Cannoneer |
| 22:53 | Create | Hand Cannoneer |
| 23:17 | Create | Villager (Male) |
| 23:19 | Create | Bombard Cannon |
| 23:47 | Create | Villager (Male) |
| 23:57 | Build | House |
| 23:58 | Build | Mining Camp |
| 24:00 | Research | Wheelbarrow |
| 24:06 | Build | House |
| 24:06 | Build | House |
| 24:47 | Create | Villager (Male) |
| 24:52 | Create | Bombard Cannon |
| 25:09 | Create | Villager (Male) |
| 25:27 | Create | Bombard Cannon |
| 25:29 | Create | Villager (Male) |
| 25:46 | Create | Hand Cannoneer |
| 25:47 | Create | Hand Cannoneer |
| 25:47 | Create | Hand Cannoneer |
| 26:03 | Research | Devotion |
| 26:04 | Research | Devotion |
| 26:04 | Create | Villager (Male) |
| 26:23 | Create | Hand Cannoneer |
| 26:23 | Create | Hand Cannoneer |
| 26:25 | Build | Farm |
| 26:33 | Create | Bombard Cannon |
| 26:34 | Create | Villager (Male) |
| 26:58 | Create | Villager (Male) |
| 27:06 | Create | Bombard Cannon |
| 27:08 | Build | Farm |
| 27:10 | Build | Farm |
| 27:11 | Build | Lumber Camp |
| 27:23 | Build | House |
| 27:23 | Build | House |
| 27:23 | Build | House |
| 27:24 | Create | Villager (Male) |
| 27:30 | Create | Hand Cannoneer |
| 27:31 | Create | Hand Cannoneer |
| 27:31 | Create | Hand Cannoneer |
| 27:58 | Create | Villager (Male) |
| 27:59 | Build | House |
| 28:00 | Build | House |
| 28:04 | Create | Hand Cannoneer |
| 28:05 | Create | Hand Cannoneer |
| 28:16 | Create | Bombard Cannon |
| 28:16 | Create | Villager (Male) |
| 28:32 | Build | Mining Camp |
| 28:49 | Create | Villager (Male) |
| 28:59 | Build | House |
| 28:59 | Build | House |
| 29:20 | Create | Hand Cannoneer |
| 29:20 | Create | Hand Cannoneer |
| 29:29 | Create | Villager (Male) |
| 29:30 | Build | House |
| 29:31 | Create | Monk |
| 29:55 | Create | Villager (Male) |
| 30:08 | Create | Hand Cannoneer |
| 30:08 | Create | Hand Cannoneer |
| 30:09 | Create | Hand Cannoneer |
| 30:09 | Create | Hand Cannoneer |
| 30:09 | Build | Archery Range |
Match timeline
| 10:56 | buddybadi · age_up feudal |
| 11:46 | Dark · age_up feudal |
| 12:34 | Dark · first_market_buy 100 food |
| 12:59 | Dark · first_market_sell 100 stone |
| 14:29 | buddybadi · age_up castle |
| 14:34 | buddybadi · first_building Castle |
| 15:02 | buddybadi · first_building Monastery |
| 15:16 | Dark · age_up castle |
| 15:20 | Dark · first_building Monastery |
| 18:30 | Dark · first_building Siege Workshop |
| 19:20 | Dark · age_up imperial |
| 19:31 | Dark · first_building Barracks |
| 20:31 | Dark · first_building Archery Range |
| 22:40 | buddybadi · first_market_sell 500 food |
| 24:13 | buddybadi · first_building Barracks |
| 25:30 | buddybadi · first_market_buy 100 stone |
| 25:40 | buddybadi · first_building Stable |
| 27:42 | buddybadi · wall_segment Stone Wall x5 |
| 27:49 | buddybadi · wall_segment Stone Wall x1 |
| 33:17 | buddybadi · wall_segment Stone Wall x6 |
| 33:39 | buddybadi · first_building Siege Workshop |
| 36:32 | buddybadi · first_building Archery Range |
| 39:04 | Dark · wall_segment Stone Wall x1 |
| 39:57 | buddybadi · resign |
[ AI ANALYSIS · 1 CREDIT ]
What really happened in this match?
Wolo.gg analyzes every decision: build order, eco, micro, common mistakes by bracket. Personalized analysis on WhatsApp or Discord in 30 seconds.
Civ guide
Portuguese
Perfil
Jugador #8335776